 Dungeon Crawl Stone Soup version 0.27.1-2-g3b301248ec (webtiles) character file.

Game seed: 4013762013957274532

59 barney the Changer (level 3, -1/28 HPs)
             Began as a Draconian Transmuter on Oct 1, 2021.
             Slain by a black bear (3 damage)
             ... on level 1 of the Dungeon.
             The game lasted 00:02:16 (2404 turns).

barney the Changer (Draconian Transmuter)           Turns: 2404, Time: 00:02:17

Health: -1/28      AC:  5    Str: 12    XL:     3   Next: 78%
Magic:  1/6        EV: 12    Int: 14    God:
Gold:   38         SH:  0    Dex: 11    Spells: 0/6 levels left

rFire    . . .     SeeInvis .     - Unarmed
rCold    . . .     Faith    .   (no shield)
rNeg     . . .     Spirit   .   (armour unavailable)
rPois    .         Reflect  .   (helmet currently unavailable)
rElec    .         Harm     .   (no cloak)
rCorr    .         Rampage  .   (no gloves)
Will     .....                  (boots currently unavailable)
Stlth    +.........             (no amulet)
HPRegen  0.09/turn              (no ring)
MPRegen  0.10/turn              (no ring)

@: appendages, wereblooded
A: horns 2, talons 2, AC +5, unfitting armour, cold-blooded
a: End Transformation


You were on level 1 of the Dungeon.
You had temporarily grown beastly horns and talons.
You visited 1 branch of the dungeon, and saw 2 of its levels.

You collected 38 gold pieces.

Inventory:

Jewellery
 g - an amulet of the acrobat
Scrolls
 a - a scroll of identify {unknown}
 b - a scroll of fear {unknown}
 c - a scroll of blinking {unknown}
 d - a scroll of acquirement {unknown}
 e - a scroll of enchant weapon {unknown}
 f - a scroll of brand weapon {unknown}
 h - a scroll of amnesia {unknown}


   Skills:
 - Level 1.1 Fighting
 - Level 1.7 Dodging
 - Level 3.0 Unarmed Combat
 - Level 2.0 Spellcasting
 + Level 4.2 Transmutations


You couldn't memorise any spells.
You knew the following spells:

 Your Spells              Type           Power      Damage    Failure   Level
a - Beastly Appendage     Tmut           26%        N/A       4%          1
b - Spider Form           Tmut/Pois      3%         N/A       30%         3
c - Wereblood             Tmut           13%        N/A       6%          2

Your spell library contained the following spells:

 Spells                   Type           Power      Damage    Failure   Level
 Ice Form                 Ice/Tmut       7%         N/A       69%         4


Dungeon Overview and Level Annotations

Branches:
Dungeon (2/15)

Altars:


Innate Abilities, Weirdness & Mutations

You have temporarily grown beastly horns and talons.
Your plain brown scales are hard. (AC +5)
You cannot fit into any form of body armour.
You are cold-blooded and may be slowed by cold attacks.


Message History

Your blood is infused with primal strength.
You climb downwards.
The hobgoblin closely misses you. The hobgoblin hits you.
There is a stone staircase leading up here.
You hit the hobgoblin.
The hobgoblin is almost dead.
Your transformation is almost over.
The hobgoblin closely misses you.
You hit the hobgoblin.
You feel a bit better.
You kill the hobgoblin!
The gnoll completely misses you. The gnoll misses you.
The black bear bites you. The black bear completely misses you.
The black bear claws you.
You hit the gnoll but do no damage.
The gnoll is poisoned.
The gnoll completely misses you. The black bear closely misses you.
The black bear claws you. x2
The gnoll closely misses you.
There is a stone staircase leading up here.
The gnoll barely misses you.
You climb upwards.
There is a stone staircase leading down here.
You hit the black bear.
The black bear is poisoned.
The black bear is lightly wounded.
Your transformation has ended.
The black bear barely misses you. The black bear claws you. x2
You punch the black bear!
The black bear is heavily wounded.
The black bear bites you. The black bear claws you.
The black bear completely misses you.
Casting: Wereblood (safe; 6% risk of failure)
Confirm with . or Enter, or press ? or * to list all spells.
You don't have enough magic to cast this spell.
Casting: Wereblood (safe; 6% risk of failure)
Confirm with . or Enter, or press ? or * to list all spells.
You grow a pair of large bovine horns.
Your feet morph into talons.
The black bear bites you.
* * * LOW HITPOINT WARNING * * *
The black bear claws you.
* * * LOW HITPOINT WARNING * * *
The black bear claws you.
You die...

.....#.....................#
.....#.###.................#
##.###.###.................#
.......##..................#
##.##..##....######........#
##.###.##....# ##########
...###.##....#
#......##....#####
................@####
#.....#.#.....##h†..#
#.....#......÷##....#
#.....##......##....#
#.....##.####.##....#
#..........##.##....#
...........##.##....#
..#.................#
..#).......##.##....#### ###


You could see a black bear (very poisoned).

Vanquished Creatures
  An adder (D:2)
  A dart slug (D:2)
  An orc (D:2)
  3 ball pythons
  7 bats
  6 endoplasms
  3 giant cockroaches
  A goblin (D:1)
  5 hobgoblins
  3 quokkas (D:2)
  2 frilled lizards (D:2)
  4 kobolds
  6 rats
43 creatures vanquished.

Notes
Turn   | Place    | Note
-------+----------+-------------------------------------------
     0 | D:1      | barney the Draconian Transmuter began the quest for the
                  | Orb.
     0 | D:1      | Reached XP level 1. HP: 16/16 MP: 3/3
   347 | D:1      | You fall into a shaft and drop 1 floor!
   416 | D:2      | Reached XP level 2. HP: 23/23 MP: 5/5
   564 | D:1      | Reached skill level 3 in Transmutations
  1480 | D:2      | Reached XP level 3. HP: 9/28 MP: 4/6
  2116 | D:2      | Reached skill level 4 in Transmutations
  2147 | D:2      | Found a faded altar of an unknown god.
  2340 | D:2      | Noticed a black bear
  2386 | D:1      | Learned a level 3 spell: Spider Form
  2389 | D:1      | Learned a level 2 spell: Wereblood
  2404 | D:1      | Slain by a black bear

Illustrated notes

Levels and vault maps discovered:
D:1:      onia_arrival_handbag, layout_basic, eino_curves_03, dk_noncrumbling_2
D:2:      layout_rooms, hellmonk_ecumenical_altar_pennies_from_heaven,
          minmay_divided_ellipse

Skill      XL: |  1  2  3 |
---------------+----------+-----
Transmutations | 3 4 |  4.2
Fighting       | |  1.1
Dodging        | |  1.7
Unarmed Combat | |  3.0
Spellcasting   | |  2.0

Action                   || total
-------------------------++-------
Melee: Unarmed           ||   120
       Kick              ||    16
       Headbutt          ||    11
       Tailslap          ||     2
 Cast: Beastly Appendage ||    30
       Spider Form       ||     1
       Wereblood         ||     1
Armor: Skin              ||    43
Dodge: Dodged            ||    98
